 Dungeon Crawl Stone Soup version 0.22.1-1-ga44c0e5 (webtiles) character file.

960 Fang the Chopper (level 8, -9/50 HPs)
             Began as a Gargoyle Berserker on Sept 24, 2018.
             Was a Priest of Trog.
             Mangled by an orc warrior
             ... wielding a +0 dire flail
              (14 damage)
             ... on level 5 of the Dungeon.
             The game lasted 00:03:37 (3718 turns).

Fang the Chopper (Gargoyle Berserker)               Turns: 3718, Time: 00:03:37

Health: -9/50      AC:  9    Str: 24    XL:     8   Next: 14%
Magic:  8/8        EV: 13    Int:  7    God:    Trog [***...]
Gold:   325        SH:  0    Dex:  9    Spells: 7/7 levels left

rFire    . . .     SeeInvis .   a - +0 hand axe
rCold    . . .     Gourm    .   (no shield)
rNeg     + . .     Faith    .   b - +0 animal skin
rPois    ∞         Spirit   .   (no helmet)
rElec    +         Reflect  .   s - +1 cloak
rCorr    .         Harm     .   (no gloves)
MR       .....                  (no boots)
Stlth    +.........             A - amulet of regeneration
HPRegen  0.56/turn              (no ring)
MPRegen  0.11/turn              (no ring)

@: berserk cooldown, slowed, very slow
A: negative energy resistance 1, electricity resistance, unbreathing,
petrification resistance, rot immunity, AC +5
a: Berserk, Trog's Hand, Renounce Religion


You were on level 5 of the Dungeon.
You worshipped Trog.
Trog was most pleased with you.
You were very hungry.

You visited 1 branch of the dungeon, and saw 5 of its levels.

You collected 325 gold pieces.

Inventory:

Hand Weapons
 a - a +0 hand axe (weapon)
Armour
 b - a +0 animal skin (worn)
 s - a +1 cloak (worn)
Jewellery
 A - an amulet of regeneration (around neck)
Wands
 n - a wand of polymorph (9)
 v - a wand of clouds (4)
Scrolls
 e - 3 scrolls of magic mapping {unknown}
 f - 3 scrolls of fear {unknown}
 g - a scroll of noise {unknown}
 h - 4 scrolls of enchant weapon {unknown}
 k - a scroll of teleportation {unknown}
 l - 5 scrolls of identify {unknown}
 p - 3 scrolls of remove curse {unknown}
 u - a scroll of enchant armour {unknown}
 x - a scroll of immolation {unknown}
 y - 2 scrolls of fog {unknown}
 z - 2 scrolls of random uselessness {unknown}
Potions
 d - 3 potions of lignification {unknown}
 i - a potion of ambrosia {unknown}
 j - a potion of flight {unknown}
 m - 2 potions of brilliance {unknown}
 o - a potion of haste {unknown}
 q - a potion of agility {unknown}
 r - 4 potions of curing {unknown}
 t - 2 potions of berserk rage {unknown}
 w - 2 potions of heal wounds {unknown}
 B - a potion of experience {unknown}
Comestibles
 c - 9 rations
 C - a chunk of flesh


   Skills:
 + Level 5.5 Fighting
 + Level 6.5 Axes
 + Level 2.4 Armour
 + Level 4.0 Dodging
 + Level 1.4 Stealth


You had 7 spell levels left.
You didn't know any spells.
Your spell library was empty.

Dungeon Overview and Level Annotations

Branches:
Dungeon (5/15)
 Temple: D:4-7

Altars:
Makhleb
Nemelex Xobeh
Okawaru
Qazlal
Ru
Sif Muna
Vehumet
Yredelemnul

Shops:
D:5 }:(!


Innate Abilities, Weirdness & Mutations

You are resistant to torment.
Your stone body is resilient. (AC +5)
You are immune to poison.
You resist negative energy. (rN+)
You are resistant to electric shocks. (rElec)
You can survive without breathing.
You are immune to petrification.
You are immune to rotting.


Message History

The orc warrior is heavily wounded.
You hit something. Trog accepts your kill.
Trog appreciates your killing of a magic user.
Reactivating autopickup.
Your Dodging skill increases to level 4!
You feel a bit more experienced.
You are no longer berserk.
You are exhausted.
You feel yourself slow down. The orc hits you but does no damage.
You hit the orc warrior.
The orc warrior is severely wounded.
The orc warrior misses you. The orc hits you but does no damage.
You hit the orc warrior.
The orc warrior is severely wounded.
The orc warrior hits you with a dire flail!
* * * LOW HITPOINT WARNING * * *
The orc barely misses you.
The orc warrior hits you with a dire flail!
You die...

.##.# #.# ###
#.# #.# ....#
#.# #.. ..# #.#
.##.# #.# #.# ##
#.# ###.####.#
#.# #.##
.........# #.#
#..## ###.######
##.########...#
#.#
#.........)...#
#.#
##.###.....##..#
#.#
#..@o####.###..#
#.# #..#)o# ###
#.## ###.#
.....##!.# #..
....# #.####.#
...$( ..# #####
#.# #..8... .#
#.# .$#.#. .# #
#.# ##8 .# # ..
.# # # .


You could see an orc warrior and an orc.

Vanquished Creatures
  2 ogres (D:4)
  A centaur (D:5)
  Blork the orc (D:4)
  2 scorpions (D:4)
  A howler monkey (D:3)
  A jelly (D:5)
  A gnoll shaman (D:5)
  An orc priest (D:5)
  2 orc wizards
  A bullfrog skeleton (D:5)
  6 worker ants
  4 gnolls (D:5)
  5 adders
  2 oozes (D:4)
  A worm (D:4)
  An adder skeleton (D:4)
  4 dart slugs (D:1)
  5 leopard geckos
  8 orcs
  6 bats
  5 giant cockroaches
  6 hobgoblins
  13 jackals
  3 quokkas
  4 frilled lizards
  2 goblins
  12 kobolds
  6 rats
106 creatures vanquished.

Notes
Turn   | Place    | Note
-------+----------+-------------------------------------------
     0 | D:1      | Fang the Gargoyle Berserker began the quest for the Orb.
     0 | D:1      | Reached XP level 1. HP: 14/14 MP: 1/1
   143 | D:1      | Reached XP level 2. HP: 17/19 MP: 2/2
   194 | D:1      | Reached skill level 3 in Axes
   502 | D:1      | Reached XP level 3. HP: 23/24 MP: 3/3
   617 | D:2      | Found a stormy altar of Qazlal.
   618 | D:2      | Found a sacrificial altar of Ru.
   623 | D:2      | Found a deep blue altar of Sif Muna.
   646 | D:2      | Reached ** piety under Trog
   939 | D:2      | Found a faded altar of an unknown god.
  1016 | D:2      | Reached XP level 4. HP: 19/29 MP: 4/4
  1485 | D:3      | Reached XP level 5. HP: 18/33 MP: 5/5
  1995 | D:3      | Found a sparkling altar of Nemelex Xobeh.
  2131 | D:4      | Reached skill level 4 in Axes
  2292 | D:4      | Reached *** piety under Trog
  2392 | D:4      | Noticed an ogre
  2397 | D:4      | Noticed an ogre
  2402 | D:4      | Killed an ogre
  2402 | D:4      | Reached XP level 6. HP: 39/39 MP: 6/6
  2406 | D:4      | Reached skill level 1 in Stealth
  2413 | D:4      | Reached skill level 5 in Axes
  2459 | D:4      | Noticed Blork the orc
  2477 | D:4      | Killed Blork the orc
  2477 | D:4      | Reached XP level 7. HP: 14/44 MP: 7/7
  3045 | D:4      | Reached skill level 5 in Fighting
  3109 | D:4      | Found a burning altar of Makhleb.
  3109 | D:4      | Found a basalt altar of Yredelemnul.
  3114 | D:4      | Found an iron altar of Okawaru.
  3116 | D:4      | Found a radiant altar of Vehumet.
  3118 | D:4      | Found a faded altar of an unknown god.
  3233 | D:5      | Entered Level 5 of the Dungeon
  3346 | D:5      | Reached skill level 6 in Axes
  3396 | D:5      | Reached XP level 8. HP: 32/50 MP: 8/8
  3573 | D:5      | Found Fihoo's Gadget Shop.
  3580 | D:5      | Found Siud Zafy's Book Boutique.
  3629 | D:5      | Found Tirara's Weapon Shoppe.
  3649 | D:5      | Found Jajalois's Distillery.
  3718 | D:5      | Mangled by an orc warrior

Skill      XL: |  1  2  3  4  5  6  7  8 |
---------------+-------------------------+-----
Axes           | 3 4 5 6 |  6.5
Fighting       | 4 5 |  5.5
Dodging        | 2 3 4 |  4.0
Stealth        | 1 |  1.4
Armour         | |  2.4

Action                   |  1- 3 |  4- 6 |  7- 9 || total
-------------------------+-------+-------+-------++-------
Melee: Hand axe          |   109 |   125 |   182 ||   416
Invok: Berserk           |       |     3 |     2 ||     5
  Eat: Chunk             |       |     4 |     6 ||    10
       Ration            |       |     1 |       ||     1
Armor: Animal skin       |    47 |    38 |    76 ||   161
Dodge: Dodged            |    87 |    89 |   118 ||   294
